 Dungeon Crawl Stone Soup version 0.19-a0-905-ge5e6a15 (webtiles) character file.

23 Gagarin the Firebug (level 2, 0/20 HPs)
             Began as a Draconian Fire Elementalist on July 5, 2016.
             Slain by an adder (1 damage)
             ... on level 2 of the Dungeon.
             The game lasted 00:04:05 (937 turns).

Gagarin the Firebug (Draconian Fire Elementalist)    Turns: 937, Time: 00:04:05

Health: 0/20       AC:  4    Str: 10    XL:     2   Next: 75%
Magic:  0/5        EV: 12    Int: 20    God:
Gold:   81         SH:  0    Dex: 11    Spells: 1 memorised, 4 levels left

rFire  . . .     SeeInvis .     f - +1 mace (drain)
rCold  . . .     Gourm    .     (armour unavailable)
rNeg   . . .     Faith    .     (no shield)
rPois  .         Spirit   .     (helmet restricted)
rElec  .         Dismiss  .     (no cloak)
rCorr  .         Reflect  .     (no gloves)
SustAt .         Harm     .     (no boots)
MR     .....                    (no amulet)
Stlth  ++........               (no ring)
                                (no ring)

@: brilliant, lethally poisoned (0 -> -12), not resistant to hostile
enchantments, unstealthy
A: unfitting armour, cold-blooded, AC +4
a: no special abilities


You were on level 2 of the Dungeon.
You were not hungry.

You visited 1 branch of the dungeon, and saw 2 of its levels.

You collected 81 gold pieces.

Inventory:

Hand Weapons
 f - a +1 mace of draining (weapon)
 n - a cursed -2 short sword
Missiles
 h - 13 bolts
 i - 13 arrows
Jewellery
 g - a cursed -3 ring of protection {unknown}
 p - a cursed ring of teleportation {unknown}
Scrolls
 e - 2 scrolls of remove curse {unknown}
 j - a scroll of fear {unknown}
 m - a scroll of identify {unknown}
 o - a scroll of magic mapping {unknown}
Books
 a - a book of Flames

   Spells                             Type                      Level
   a - Flame Tongue                   Conjuration/Fire             1
   b - Throw Flame                    Conjuration/Fire             2
   c - Conjure Flame                  Conjuration/Fire             3
   d - Inner Flame                    Hexes/Fire                   3
   e - Sticky Flame                   Conjuration/Fire             4
   f - Fireball                       Conjuration/Fire             5
Comestibles
 b - 2 bread rations
 k - a slice of pizza
 l - a beef jerky


   Skills:
 + Level 0.2 Fighting
 + Level 2.1 Dodging
 + Level 1.8 Stealth
 + Level 2.2 Spellcasting
 + Level 1.1 Conjurations
 + Level 3.5 Fire Magic


You had 4 spell levels left.
You knew the following spells:

 Your Spells              Type           Power        Failure   Level  Hunger
a - Flame Tongue          Conj/Fire      ###..        1%          1    #......


Dungeon Overview and Level Annotations

Branches:
Dungeon (2/15)

Altars:


Innate Abilities, Weirdness & Mutations

Your plain brown scales are hard. (AC +4)
Your body does not fit into most forms of armour.
You are cold-blooded and may be slowed by cold attacks.


Message History

The flame tongue hits the adder.
The adder appears unharmed.
The adder is heavily wounded.
You feel sick. The adder bites you.
* * * LOW HITPOINT WARNING * * *
You aren't carrying any items that you can evoke.
Wield which item (- for none, * to show all)? (? for menu, Esc to quit)
You sense an unholy aura.
f - a +1 mace of draining (weapon)
* * * LOW HITPOINT WARNING * * *
You feel sick. The adder barely misses you.
You miss the adder.
The adder is heavily wounded.
* * * LOW HITPOINT WARNING * * *
You feel sick. The adder bites you.
* * * LOW HITPOINT WARNING * * *
The adder barely misses you.
You feel more clever all of a sudden.
* * * LOW HITPOINT WARNING * * *
You feel sick. The adder bites you.
You die...

#.........#
#..........
#.## #..#
##.#######.#
#..........
##.######..
####.#
##.@S.#
###..##.#
###...###.###
#....<.......
##########..#
#.# .. ..#


You could see an adder.

Vanquished Creatures
  2 dart slugs (D:1)
  A giant gecko (D:1)
  2 goblins (D:1)
  2 hobgoblins (D:1)
  6 bats (D:1)
  A giant newt (D:1)
  2 kobolds (D:1)
  4 rats (D:1)
20 creatures vanquished.

Notes
Turn   | Place    | Note
-------+----------+-------------------------------------------
     0 | D:1      | Gagarin the Draconian Fire Elementalist began the quest for the Orb.
     0 | D:1      | Reached XP level 1. HP: 14/14 MP: 3/3
   314 | D:1      | Reached XP level 2. HP: 7/20 MP: 0/5
   937 | D:2      | HP: 1/20 [poisoned by an adder]
   937 | D:2      | Slain by an adder

Vault maps used:
D:1:      dpeg_arrival_short_road

Skill      XL: |  1  2 |
---------------+-------+-----
Dodging        | 2 |  2.1
Fighting       | |  0.2
Stealth        | |  1.8
Spellcasting   | |  2.2
Conjurations   | |  1.1
Fire Magic     | |  3.5

Action                   || total
-------------------------++-------
Melee: Mace              ||     1
 Cast: Flame Tongue      ||    36
  Use: Potion            ||     2
  Eat: Chunk             ||     1
Armor: Skin              ||     4
Dodge: Dodged            ||    21
